| TOP OF THE 1ST |
|
California Angels batting - Pitching for Baltimore Orioles : RHP Tim Weller
|
|
Pitching: RHP Tim Weller
|
|
|
Batting: RHB Alain Delhaye
|
0-0: Ball 1-0: Ball 2-0: Ball 3-0: Called Strike 3-1: Base on Balls
|
|
Batting: RHB Bjoern Waltersson
|
0-0: Ball Pickoff Throw to First - Out! 1-3 1-0: Called Strike 1-1: Foul Ball, location: 2F 1-2: Foul Ball, location: 2F 1-2: Ground out 1-3 (Groundball, 34S, EV 71.2 MPH)
|
|
Batting: LHB Mark Reeg
|
0-0: Called Strike 0-1: Foul Ball, location: 2F 0-2: Ball 1-2: Foul Ball, location: 2F 1-2: Strikes out swinging
|
| Top of the 1st over - 0 runs, 0 hits, 0 errors, 0 left on base; California 0 - Baltimore 0 |
| BOTTOM OF THE 1ST |
|
Baltimore Orioles batting - Pitching for California Angels : LHP Jeff Baker
|
|
Pitching: LHP Jeff Baker
|
|
|
Batting: RHB Saimei Kudo
|
0-0: Ball 1-0: Foul Ball, location: 2F 1-1: Foul Ball, location: 2F 1-2: Foul Ball, location: 2F 1-2: Foul Ball, location: 2F 1-2: Foul Ball, location: 2F 1-2: Ball 2-2: Ground out 6-3 (Groundball, 6, EV 106.9 MPH)
|
|
Batting: RHB Bobby Ayala
|
0-0: Ball 1-0: Swinging Strike 1-1: Foul Ball, location: 2F 1-2: Ball 2-2: Ball 3-2: Fly out, F8 (Line Drive, 8LD, EV 94.4 MPH)
|
|
Batting: RHB Rudo Garciaparra
|
0-0: Fly out, F9 (Flyball, 9LMF, EV 91.2 MPH)
|
| Bottom of the 1st over - 0 runs, 0 hits, 0 errors, 0 left on base; California 0 - Baltimore 0 |
| TOP OF THE 2ND |
|
California Angels batting - Pitching for Baltimore Orioles : RHP Tim Weller
|
|
Batting: RHB Preston Deakyne
|
0-0: Ball 1-0: SINGLE (Groundball, 6M, EV 98.1 MPH)
|
|
Batting: LHB Jonathon Walton
|
0-0: Ball 1-0: Fly out, F9 (Line Drive, 9S, EV 98.1 MPH)
|
|
Batting: LHB Javier Trujillo
|
0-0: Grounds into double play, 4-6-3 (Groundball, 4D, EV 107.5 MPH)
|
| Top of the 2nd over - 0 runs, 1 hit, 0 errors, 0 left on base; California 0 - Baltimore 0 |
| BOTTOM OF THE 2ND |
|
Baltimore Orioles batting - Pitching for California Angels : LHP Jeff Baker
|
|
Batting: SHB Jason Hayes
|
0-0: Ball 1-0: Called Strike 1-1: Called Strike 1-2: SINGLE (Groundball, 5S, EV 69.4 MPH) (infield hit)
|
|
Batting: RHB Vince Jackson
|
0-0: Called Strike 0-1: Ball Passed Ball! Jason Hayes to second 1-1: Ground out 5-3 (Groundball, 5, EV 88.8 MPH)
|
|
Batting: RHB Nick Rigden
|
0-0: DOUBLE (Line Drive, 9LS, EV 95.6 MPH) Jason Hayes scores
|
|
Batting: RHB Raul Mendoza
|
0-0: Called Strike 0-1: Ball 1-1: Ball 2-1: Swinging Strike 2-2: Strikes out swinging
|
|
Batting: RHB Luis Ramos
|
0-0: SINGLE (Line Drive, 8LS, EV 96.2 MPH) Nick Rigden to third Runner from 3rd tries for Home, SAFE, throw by CF to home
|
|
Batting: RHB Tylor Cyr
|
0-0: Called Strike 0-1: Called Strike 0-2: Ball 1-2: Strikes out looking
|
| Bottom of the 2nd over - 2 runs, 3 hits, 0 errors, 1 left on base; California 0 - Baltimore 2 |
| TOP OF THE 3RD |
|
California Angels batting - Pitching for Baltimore Orioles : RHP Tim Weller
|
|
Batting: RHB Ryan Munro
|
0-0: Ball 1-0: Swinging Strike 1-1: Fly out, F8 (Flyball, 8LXD, EV 95.0 MPH)
|
|
Batting: RHB Avery Maxwell
|
0-0: Ball 1-0: Called Strike 1-1: Ground out 5-3 (Groundball, 56, EV 93.1 MPH)
|
|
Batting: LHB Justin Alexander
|
0-0: Called Strike 0-1: Ball 1-1: Ball 2-1: Swinging Strike 2-2: Strikes out swinging
|
| Top of the 3rd over - 0 runs, 0 hits, 0 errors, 0 left on base; California 0 - Baltimore 2 |
| BOTTOM OF THE 3RD |
|
Baltimore Orioles batting - Pitching for California Angels : LHP Jeff Baker
|
|
Batting: RHB Saimei Kudo
|
0-0: Ball 1-0: Swinging Strike 1-1: Swinging Strike 1-2: Foul Ball, location: 2F 1-2: Strikes out swinging
|
|
Batting: RHB Bobby Ayala
|
0-0: Foul Ball, location: 2F 0-1: SINGLE (Line Drive, 6MD, EV 98.1 MPH)
|
|
Batting: RHB Rudo Garciaparra
|
0-0: Called Strike 0-1: Fielders Choice at 2nd, 3-6 (Groundball, 3, EV 82.5 MPH)
|
|
Batting: SHB Jason Hayes
|
0-0: Called Strike Rudo Garciaparra steals 2nd base 0-1: Foul Ball, location: 2F 0-2: Strikes out looking
|
| Bottom of the 3rd over - 0 runs, 1 hit, 0 errors, 1 left on base; California 0 - Baltimore 2 |
| TOP OF THE 4TH |
|
California Angels batting - Pitching for Baltimore Orioles : RHP Tim Weller
|
|
Batting: RHB Alain Delhaye
|
0-0: Called Strike 0-1: Ball 1-1: Called Strike 1-2: Strikes out looking
|
|
Batting: RHB Bjoern Waltersson
|
0-0: Ball 1-0: Foul Ball, location: 2F 1-1: Swinging Strike 1-2: Strikes out swinging
|
|
Batting: LHB Mark Reeg
|
0-0: Ball 1-0: Called Strike 1-1: Ground out 4-3 (Groundball, 4, EV 87.5 MPH)
|
| Top of the 4th over - 0 runs, 0 hits, 0 errors, 0 left on base; California 0 - Baltimore 2 |
| BOTTOM OF THE 4TH |
|
Baltimore Orioles batting - Pitching for California Angels : LHP Jeff Baker
|
|
Batting: RHB Vince Jackson
|
0-0: Called Strike 0-1: Foul Ball, location: 2F 0-2: Ball 1-2: Foul Ball, location: 2F 1-2: Strikes out swinging
|
|
Batting: RHB Nick Rigden
|
0-0: SINGLE (Line Drive, 78S, EV 100.6 MPH)
|
|
Batting: RHB Raul Mendoza
|
0-0: Ball 1-0: Foul Ball, location: 2F 1-1: Ball 2-1: Ball 3-1: Base on Balls Nick Rigden to second
|
|
Batting: RHB Luis Ramos
|
0-0: Ball 1-0: Foul Ball, location: 2F 1-1: Called Strike 1-2: Ball 2-2: Foul Ball, location: 2F 2-2: Ball 3-2: Foul Ball, location: 2F 3-2: Ground out 6-3 (Groundball, 6S, EV 75.0 MPH) Nick Rigden to third Raul Mendoza to second
|
|
Batting: RHB Tylor Cyr
|
0-0: Ground out 3-1 (Groundball, 34, EV 92.5 MPH)
|
| Bottom of the 4th over - 0 runs, 1 hit, 0 errors, 2 left on base; California 0 - Baltimore 2 |
| TOP OF THE 5TH |
|
California Angels batting - Pitching for Baltimore Orioles : RHP Tim Weller
|
|
Batting: RHB Preston Deakyne
|
0-0: Ball 1-0: Ball 2-0: Foul Ball, location: 2F 2-1: Foul Ball, location: 2F 2-2: Foul Ball, location: 2F 2-2: Ball 3-2: Foul Ball, location: 2F 3-2: Ground out 4-3 (Groundball, 4, EV 83.8 MPH)
|
|
Batting: LHB Jonathon Walton
|
0-0: Called Strike 0-1: Called Strike 0-2: SINGLE (Line Drive, 8RS, EV 90.0 MPH)
|
|
Batting: LHB Javier Trujillo
|
0-0: Ball 1-0: Grounds into double play, 6-4-3 (Groundball, 6D, EV 103.1 MPH)
|
| Top of the 5th over - 0 runs, 1 hit, 0 errors, 0 left on base; California 0 - Baltimore 2 |
| BOTTOM OF THE 5TH |
|
Baltimore Orioles batting - Pitching for California Angels : LHP Jeff Baker
|
|
Batting: RHB Saimei Kudo
|
0-0: Called Strike 0-1: SINGLE (Groundball, 56S, EV 63.8 MPH) (infield hit)
|
|
Batting: RHB Bobby Ayala
|
0-0: Ball 1-0: Foul Ball, location: 2F 1-1: Ball Saimei Kudo steals 2nd base (no throw) 2-1: Swinging Strike 2-2: DOUBLE (Flyball, 89D, EV 91.2 MPH) Saimei Kudo scores
|
|
Pinch Runner at 2nd Robbie Rogers:
|
|
|
Batting: RHB Rudo Garciaparra
|
0-0: Reached on error, E5 (Groundball, 56, EV 88.1 MPH) Robbie Rogers to third
|
|
Batting: SHB Jason Hayes
|
0-0: Foul Ball, location: 2F 0-1: Ball 1-1: SINGLE (Groundball, 4D, EV 93.8 MPH) Robbie Rogers scores Rudo Garciaparra to second Runner from 2nd tries for 3rd, SAFE, throw by RF made to third
|
|
Batting: RHB Vince Jackson
|
0-0: Swinging Strike 0-1: Foul Ball, location: 2F 0-2: Strikes out looking Jason Hayes is caught stealing 2nd base 2-4 Batter strikes out.
|
|
Batting: RHB Nick Rigden
|
0-0: Ball 1-0: Ball 2-0: Called Strike 2-1: Swinging Strike 2-2: Strikes out swinging
|
| Bottom of the 5th over - 2 runs, 3 hits, 1 error, 1 left on base; California 0 - Baltimore 4 |
| TOP OF THE 6TH |
|
California Angels batting - Pitching for Baltimore Orioles : RHP Tim Weller
|
|
Now at 1B: Brent Albertson
|
|
|
Batting: RHB Ryan Munro
|
0-0: Called Strike 0-1: Ball 1-1: Fly out, F3 (Flyball, 34D, EV 97.5 MPH)
|
|
Batting: RHB Avery Maxwell
|
0-0: Called Strike 0-1: Swinging Strike 0-2: Ball 1-2: Ball 2-2: Ball 3-2: Base on Balls
|
|
Batting: LHB Justin Alexander
|
0-0: Ball 1-0: Called Strike 1-1: Foul Ball, location: 2F 1-2: Strikes out swinging
|
|
Batting: RHB Alain Delhaye
|
0-0: Ball 1-0: Called Strike 1-1: Fielders Choice at 2nd, 6-4 (Groundball, 6, EV 84.4 MPH)
|
| Top of the 6th over - 0 runs, 0 hits, 0 errors, 1 left on base; California 0 - Baltimore 4 |
| BOTTOM OF THE 6TH |
|
Baltimore Orioles batting - Pitching for California Angels : LHP Jeff Baker
|
|
Batting: RHB Raul Mendoza
|
0-0: Ball 1-0: Swinging Strike 1-1: Foul Ball, location: 2F 1-2: Foul Ball, location: 2F 1-2: SINGLE (Groundball, 6S, EV 70.6 MPH) (infield hit)
|
|
Batting: RHB Luis Ramos
|
0-0: SINGLE (Flyball, 3D, EV 81.2 MPH) Raul Mendoza to second
|
|
Batting: RHB Tylor Cyr
|
0-0: Ball 1-0: SINGLE (Groundball, P, EV 80.0 MPH) (infield hit) Raul Mendoza to third Luis Ramos to second
|
|
Batting: RHB Saimei Kudo
|
0-0: Ball 1-0: Ball 2-0: Called Strike 2-1: Foul Ball, location: 2F 2-2: Strikes out swinging
|
|
Batting: LHB Brent Albertson
|
0-0: Called Strike 0-1: Called Strike 0-2: Ball 1-2: Ball 2-2: Ball 3-2: Foul Ball, location: 2F 3-2: Foul Ball, location: 2F 3-2: SINGLE (Line Drive, 34, EV 94.4 MPH) Raul Mendoza scores Luis Ramos to third Tylor Cyr to second
|
|
Pitching: RHP Danny White
|
|
|
Batting: RHB Rudo Garciaparra
|
0-0: Ball 1-0: Ball 2-0: Ball 3-0: Called Strike 3-1: Base on Balls Luis Ramos scores Tylor Cyr to third Brent Albertson to second
|
|
Batting: SHB Jason Hayes
|
0-0: Ball 1-0: Called Strike 1-1: Called Strike 1-2: Ball 2-2: Foul Ball, location: 2F 2-2: Foul Ball, location: 2F 2-2: Foul Ball, location: 2F 2-2: Fly out, F8 (Flyball, 8RD, EV 108.1 MPH) Runner from 3rd tags up, OUT at HOME! 8-2
|
| Bottom of the 6th over - 2 runs, 4 hits, 0 errors, 2 left on base; California 0 - Baltimore 6 |
| TOP OF THE 7TH |
|
California Angels batting - Pitching for Baltimore Orioles : RHP Tim Weller
|
|
Batting: RHB Bjoern Waltersson
|
0-0: Ball 1-0: Called Strike 1-1: Ball 2-1: Fly out, F7 (Flyball, 7LMF, EV 92.5 MPH)
|
|
Batting: LHB Mark Reeg
|
0-0: Ball 1-0: Foul Ball, location: 2F 1-1: Called Strike 1-2: Ball 2-2: Foul Ball, location: 2F 2-2: SOLO HOME RUN (Flyball, 7LD, EV 95.0 MPH), Distance : 355 ft
|
|
Batting: RHB Preston Deakyne
|
0-0: Ball 1-0: Fly out, F9 (Flyball, 9, EV 86.9 MPH)
|
|
Batting: LHB Jonathon Walton
|
0-0: Ball 1-0: Ball 2-0: Ball 3-0: Called Strike 3-1: Foul Ball, location: 2F 3-2: Ground out 3-1 (Groundball, 34, EV 91.9 MPH)
|
| Top of the 7th over - 1 run, 1 hit, 0 errors, 0 left on base; California 1 - Baltimore 6 |
| BOTTOM OF THE 7TH |
|
Baltimore Orioles batting - Pitching for California Angels : RHP Danny White
|
|
Batting: RHB Vince Jackson
|
0-0: Called Strike 0-1: Foul Ball, location: 2F 0-2: Ball 1-2: Strikes out swinging
|
|
Batting: RHB Nick Rigden
|
0-0: Swinging Strike 0-1: Swinging Strike 0-2: Ball 1-2: Foul Ball, location: 2F 1-2: Strikes out looking
|
|
Batting: RHB Raul Mendoza
|
0-0: Ball 1-0: Ball 2-0: Foul Ball, location: 2F 2-1: Foul Ball, location: 2F 2-2: Ball 3-2: DOUBLE (Flyball, 8RXD, EV 96.2 MPH)
|
|
Batting: RHB Luis Ramos
|
0-0: Ball 1-0: Ball 2-0: Called Strike 2-1: Foul Ball, location: 2F 2-2: Ball 3-2: Foul Ball, location: 2F 3-2: Base on Balls
|
|
Batting: RHB Tylor Cyr
|
0-0: Ball 1-0: Ball 2-0: Ball 3-0: Base on Balls Raul Mendoza to third Luis Ramos to second
|
|
Batting: RHB Saimei Kudo
|
0-0: Ball 1-0: Ball 2-0: Ball 3-0: Called Strike 3-1: Swinging Strike 3-2: Strikes out swinging
|
| Bottom of the 7th over - 0 runs, 1 hit, 0 errors, 3 left on base; California 1 - Baltimore 6 |
| TOP OF THE 8TH |
|
California Angels batting - Pitching for Baltimore Orioles : RHP Tim Weller
|
|
Batting: LHB Javier Trujillo
|
0-0: Called Strike 0-1: Ball 1-1: Swinging Strike 1-2: Foul Ball, location: 2F 1-2: SINGLE (Line Drive, 8RS, EV 91.2 MPH)
|
|
Batting: RHB Ryan Munro
|
0-0: Called Strike 0-1: Called Strike 0-2: Strikes out looking
|
|
Pitching: RHP Jay Kouns
|
|
|
Batting: RHB Avery Maxwell
|
0-0: Ball 1-0: Called Strike 1-1: Swinging Strike 1-2: Ball 2-2: Strikes out swinging
|
|
Batting: LHB Justin Alexander
|
0-0: Called Strike 0-1: Foul Ball, location: 2F 0-2: Ball 1-2: Foul Ball, location: 2F 1-2: Strikes out swinging
|
| Top of the 8th over - 0 runs, 1 hit, 0 errors, 1 left on base; California 1 - Baltimore 6 |
| BOTTOM OF THE 8TH |
|
Baltimore Orioles batting - Pitching for California Angels : RHP Danny White
|
|
Batting: LHB Brent Albertson
|
0-0: Ball 1-0: Ball 2-0: SINGLE (Line Drive, 7LS, EV 106.9 MPH)
|
|
Pitching: LHP Steve Cooper
|
|
|
Batting: RHB Rudo Garciaparra
|
0-0: Ball 1-0: Foul Ball, location: 2F 1-1: 2-RUN HOME RUN (Flyball, 7D, EV 96.9 MPH), Distance : 374 ft
|
|
Batting: SHB Jason Hayes
|
0-0: Swinging Strike 0-1: Ball 1-1: Foul Ball, location: 2F 1-2: Ground out 5-3 (Groundball, 56, EV 105.6 MPH)
|
|
Batting: RHB Vince Jackson
|
0-0: Swinging Strike 0-1: Ball 1-1: Foul Ball, location: 2F 1-2: Foul Ball, location: 2F 1-2: Strikes out swinging
|
|
Batting: RHB Nick Rigden
|
0-0: Ball 1-0: SINGLE (Groundball, 4MS, EV 71.9 MPH) (infield hit)
|
|
Batting: RHB Raul Mendoza
|
0-0: Called Strike 0-1: Ball 1-1: Ball 2-1: Ball 3-1: Called Strike 3-2: Base on Balls Nick Rigden to second
|
|
Batting: RHB Luis Ramos
|
0-0: Foul Ball, location: 2F 0-1: Ball 1-1: Foul Ball, location: 2F 1-2: Ball 2-2: Foul Ball, location: 2F 2-2: Ball 3-2: SINGLE (Groundball, 6D, EV 98.8 MPH) Nick Rigden to third Raul Mendoza to second Nick Rigden scores Raul Mendoza to third
|
|
Batting: RHB Tylor Cyr
|
0-0: Ball 1-0: Ball 2-0: Called Strike 2-1: Foul Ball, location: 2F 2-2: Ground out 6-3 (Groundball, 6MS, EV 82.5 MPH)
|
| Bottom of the 8th over - 3 runs, 4 hits, 0 errors, 2 left on base; California 1 - Baltimore 9 |
| TOP OF THE 9TH |
|
California Angels batting - Pitching for Baltimore Orioles : RHP Jay Kouns
|
|
Batting: RHB Alain Delhaye
|
0-0: Ball 1-0: Swinging Strike 1-1: Swinging Strike 1-2: Foul Ball, location: 2F 1-2: SINGLE (Line Drive, 78S, EV 101.2 MPH)
|
|
Batting: RHB Bjoern Waltersson
|
0-0: Foul Ball, location: 2F 0-1: Fly out, F8 (Flyball, 8LD, EV 93.1 MPH)
|
|
Batting: LHB Mark Reeg
|
0-0: Ball 1-0: Ball 2-0: Ball 3-0: Called Strike 3-1: Called Strike 3-2: Strikes out swinging
|
|
Batting: RHB Preston Deakyne
|
0-0: Ball 1-0: SINGLE (Groundball, 4S, EV 97.5 MPH) Alain Delhaye to second
|
|
Batting: LHB Jonathon Walton
|
0-0: Called Strike 0-1: Fielders Choice at 2nd, 6-4 (Groundball, 6, EV 81.2 MPH)
|
| Top of the 9th over - 0 runs, 2 hits, 0 errors, 2 left on base; California 1 - Baltimore 9 |
|